 Dungeon Crawl Stone Soup version 0.31.0-4-g52a2dc7128 (webtiles) character file.

Game seed: 2521189077711421681

15243 Bobbunny the Fighter (level 11, -3/156 HPs)
             Began as a Minotaur Fighter on Jan 21, 2024.
             Was an Elder of Trog.
             Succumbed to a cane toad's poison
             ... on level 4 of the Lair of Beasts.
             The game lasted 00:13:17 (10263 turns).

Bobbunny the Fighter (Minotaur Fighter)            Turns: 10263, Time: 00:13:18

Health: -3/156     AC: 17    Str: 26    XL:     11   Next: 99%
Magic:  10/10      EV: 12    Int:  8    God:    Trog [****..]
Gold:   830        SH:  5    Dex: 13    Spells: 10/10 levels left

rFire   . . .        o - +1 hand axe of the Pill Bug {vamp, *Slow rElec Int+3 Dex+4}
rCold   . . .        c - +0 buckler
rNeg    . . .        K - +2 scale mail {Will+}
rPois   .            (helmet restricted)
rElec   +            b - +0 cloak
rCorr   .            (no gloves)
SInv    .            G - +0 pair of boots
Will    ++++.        g - amulet of the acrobat Stlth
                     s - +4 ring of protection
HPRegen 1.46/turn    n - ring of willpower
MPRegen 0.12/turn

%: slow self (1%), acrobat
@: berserking, lethally poisoned (-3 -> -25), strong-willed, regenerating, very
quick
A: horns 2, retaliatory headbutt
a: Renounce Religion, Berserk, Trog's Hand, Brothers in Arms


You were on level 4 of the Lair of Beasts.
You worshipped Trog.
Trog was greatly pleased with you.
You visited 2 branches of the dungeon, and saw 15 of its levels.

You collected 830 gold pieces.

Inventory:

Hand Weapons
 a - a +0 war axe
 o - the +1 hand axe of the Pill Bug (weapon) {vamp, *Slow rElec Int+3 Dex+4}
   (You found it on level 3 of the Dungeon)

   Int+3:     It affects your intelligence (+3).
   Dex+4:     It affects your dexterity (+4).
   rElec:     It insulates you from electricity.
   *Slow:     It may slow you when you take damage.
 I - a +0 battleaxe
Missiles
 f - 10 poisoned darts (quivered)
 x - a boomerang
Armour
 b - a +0 cloak (worn)
 c - a +0 buckler (worn)
 G - a +0 pair of boots (worn)
 K - a +2 scale mail of willpower (worn)
Jewellery
 g - an amulet of the acrobat (around neck)
 n - a ring of willpower (right hand)
 p - a ring of protection from fire
 q - a +6 ring of dexterity
 s - a +4 ring of protection (left hand)
Wands
 e - a wand of paralysis (5)
 v - a wand of iceblast (8)
 y - a wand of mindburst (11)
 D - a wand of flame (7)
Scrolls
 h - a scroll of revelation {unknown}
 j - a scroll of enchant armour
 l - 3 scrolls of poison
 u - a scroll of silence
 B - a scroll of noise
 C - 2 scrolls of fog
 L - 2 scrolls of teleportation
Potions
 d - 4 potions of might
 i - 2 potions of attraction {unknown}
 r - 2 potions of degeneration {unknown}
 w - a potion of enlightenment
 z - a potion of ambrosia {unknown}
 A - 4 potions of mutation
 H - a potion of berserk rage {unknown}


   Skills:
 + Level 12.0 Fighting
 + Level 12.0 Axes
 - Level 6.9 Throwing
 + Level 10.7 Armour
 + Level 6.2 Dodging
 - Level 6.0 Shields
 - Level 5.0 Evocations


You had 10 spell levels left.
You didn't know any spells.
Your spell library contained the following spells:

 Spells                   Type           Power      Damage    Failure   Level
 Call Imp                 Summ           0%         N/A       83%         2
 Sublimation of Blood     Necr           0%         N/A       83%         2
 Summon Hydra             Summ           0%         N/A       100%        7


Dungeon Overview and Level Annotations

Branches:
Dungeon (10/15)            Temple (0/1) D:5            Lair (5/5) D:10
  Swamp: Lair:2-3    Shoals: Lair:2-3     Snake: Lair:2-3    Spider: Lair:2-3
  Slime: Lair:4-5       Orc: D:9-12

Altars:
Ashenzari
Cheibriados
Gozag
Hepliaklqana
Qazlal
Trog
Uskayaw
Yredelemnul
Zin
The Shining One

Shops:
D:5 [   D:6 [   D:9 [

Annotations:
Lair:1 1 transporter


Innate Abilities, Weirdness & Mutations

You have a pair of horns on your head.
You reflexively headbutt those who attack you in melee.


Message History

The blink frog closely misses you. You furiously retaliate!
You headbutt the blink frog. The cane toad stings you!
You are more poisoned.
The cane toad poisons you!
You completely miss the blink frog.
The blink frog is almost dead.
You hit the cane toad but do no damage.
* * * LOW HITPOINT WARNING * * *
You feel very sick. You block the blink frog's attack.
You block the cane toad's attack.
You closely miss the blink frog.
The blink frog is almost dead.
You hit the cane toad but do no damage.
* * * LOW HITPOINT WARNING * * *
You feel very sick. The blink frog hits you!
* * * LOW HITPOINT WARNING * * *
The cane toad barely misses you.
Unknown command.
Your skin crawls.
You feel strong-willed.
* * * LOW HITPOINT WARNING * * *
You feel very sick.
The blink frog hits you but does no damage.
The cane toad barely misses you.
The blink frog blinks!
You hit the cane toad.
You feel better.
The cane toad is severely wounded.
You feel very sick. The cane toad stings you.
* * * LOW HITPOINT WARNING * * *
You are more poisoned.
The cane toad poisons you!
You hit the cane toad.
You feel better.
You headbutt the cane toad, but do no damage.
The cane toad is almost dead.
* * * LOW HITPOINT WARNING * * *
You feel extremely sick.
A red film seems to cover your vision as you go berserk!
You feel yourself moving faster!
You feel mighty!
You die...

#.#...............
###...............
####....##..........#
#.....###..#.##.##...
.P.......P.......... .
.....#...PP#....รท.. ...
..................
.....##............P...#
.....PF@....?.####......
##....F.......# #.P.....
###..#.......# #......#
#.#......... #.....#.
#.. #......## .....###
... P......P# ..... #.
... ......... ... #. ...
......... ### #..


You could see a cane toad and a blink frog.

Vanquished Creatures
  3 two-headed ogres
  An arcanist (D:10)
  An elephant (D:10)
  3 black mambas
  8 cane toads
  2 komodo dragons
  A polar bear (Lair:4)
  A troll (D:9)
  Grinder (D:4)
  A shadow (D:10)
  A wyvern (Lair:4)
  19 yaks
  Eustachio (D:6)
  A redback (Lair:1)
  Edmund (D:5)
  2 acid dragons
  Duvessa (D:4)
  5 water moccasins
  2 sky beasts (D:7)
  A swamp drake (Lair:5)
  An orc warrior (D:8)
  4 black bears
  6 wolves
  A phantom (D:4)
  A centaur (D:8)
  A gnoll sergeant (D:6)
  9 bullfrogs
  3 scorpions
  A water moccasin zombie (D:4)
  8 wights
  Dowan (D:4)
  9 killer bees
  A crimson imp (D:10)
  5 orc priests
  A gnoll bouda (D:10)
  2 hounds
  Crazy Yiuf (D:6)
  2 iguanas
  A scorpion zombie (D:4)
  10 orc wizards
  2 hound zombies (D:4)
  A howler monkey zombie (D:4)
  12 gnolls
  5 adders
  A white imp (D:8)
  6 ribbon worms
  4 dart slugs
  25 orcs
  4 bats
  5 endoplasms
  4 giant cockroaches
  10 goblins
  10 hobgoblins
  5 quokkas
  7 ball pythons
  4 frilled lizards
  4 kobolds
  6 rats
239 creatures vanquished.

Notes
Turn   | Place    | Note
-------+----------+-------------------------------------------
     0 | D:1      | Bobbunny the Minotaur Fighter began the quest for the Orb.
     0 | D:1      | Reached XP level 1. HP: 19/19 MP: 0/0
   203 | D:1      | Reached XP level 2. HP: 27/27 MP: 1/1
   548 | D:1      | Reached XP level 3. HP: 34/34 MP: 2/2
  1078 | D:2      | Reached XP level 4. HP: 41/41 MP: 3/3
  1127 | D:2      | Reached skill level 5 in Fighting
  1597 | D:3      | Found a faded altar of an unknown god.
  1625 | D:3      | Prayed at the altar of an unknown god.
  1625 | D:3      | Became a worshipper of Trog the Wrathful
  1625 | D:3      | Reached * piety under Trog
  1669 | D:3      | Identified the +1 hand axe of the Pill Bug {vamp, *Slow
                  | rElec Int+3 Dex+4}
  1702 | D:3      | Reached XP level 5. HP: 48/48 MP: 4/4
  2378 | D:4      | Noticed a phantom
  2387 | D:4      | Killed a phantom
  2388 | D:4      | Reached skill level 5 in Axes
  2512 | D:4      | Reached XP level 6. HP: 51/57 MP: 5/5
  2663 | D:4      | Found a basalt altar of Yredelemnul.
  2680 | D:4      | Reached ** piety under Trog
  3011 | D:4      | Noticed Duvessa
  3011 | D:4      | Noticed Dowan
  3025 | D:4      | Killed Duvessa
  3026 | D:4      | Reached XP level 7. HP: 62/66 MP: 6/6
  3026 | D:4      | Killed Dowan
  3204 | D:4      | Noticed Grinder
  3220 | D:4      | Killed Grinder
  3275 | D:5      | Entered Level 5 of the Dungeon
  3316 | D:5      | Found Hameyheha's Antique Armour Shop.
  3523 | D:5      | Found a staircase to the Ecumenical Temple.
  3553 | D:5      | Reached skill level 1 in Throwing
  3676 | D:5      | Noticed Edmund
  3689 | D:5      | Killed Edmund
  3739 | D:5      | Found a glowing golden altar of the Shining One.
  3903 | D:6      | Reached XP level 8. HP: 75/75 MP: 7/7
  4277 | D:6      | Noticed Eustachio
  4308 | D:6      | Killed Eustachio
  4487 | D:6      | Found a runed translucent door.
  4488 | D:6      | Noticed Crazy Yiuf
  4769 | D:6      | Found Teuvvod's Antique Armour Shoppe.
  4953 | D:6      | Killed Crazy Yiuf
  5384 | D:7      | Reached XP level 9. HP: 83/85 MP: 8/8
  5399 | D:7      | Reached skill level 10 in Fighting
  5575 | D:7      | Reached skill level 5 in Throwing
  5988 | D:8      | Noticed a two-headed ogre
  6000 | D:8      | Killed a two-headed ogre
  6001 | D:8      | Reached skill level 10 in Axes
  6030 | D:8      | Found a stormy altar of Qazlal.
  6031 | D:8      | Found a glowing silver altar of Zin.
  6035 | D:8      | Found a hazy altar of Hepliaklqana.
  6038 | D:8      | Found a broken altar of Ashenzari.
  6100 | D:8      | Found a snail-covered altar of Cheibriados.
  6605 | D:8      | Reached XP level 10. HP: 64/97 MP: 9/9
  7162 | D:9      | Found an opulent altar of Gozag.
  7165 | D:9      | Noticed a two-headed ogre
  7184 | D:9      | Killed a two-headed ogre
  7301 | D:9      | Found a hide-covered altar of Uskayaw.
  7396 | D:9      | Reached skill level 1 in Dodging
  7563 | D:9      | Found Deocvueph's Armour Emporium.
  7585 | D:9      | Reached *** piety under Trog
  7593 | D:9      | Reached skill level 5 in Armour
  7593 | D:9      | Reached skill level 5 in Shields
  7993 | D:10     | Entered Level 10 of the Dungeon
  8186 | D:10     | Noticed a two-headed ogre
  8193 | D:10     | Killed a two-headed ogre
  8194 | D:10     | Reached skill level 1 in Evocations
  8327 | D:10     | Noticed an arcanist
  8343 | D:10     | Killed an arcanist
  8344 | D:10     | Reached XP level 11. HP: 104/104 MP: 10/10
  8524 | D:10     | Found a staircase to the Lair.
  8542 | D:10     | Reached skill level 5 in Dodging
  8578 | Lair:1   | Entered Level 1 of the Lair of Beasts
  8619 | Lair:1   | Found a transporter.
  8734 | Lair:1   | Reached **** piety under Trog
  9172 | Lair:1   | Noticed a boulder beetle
  9196 | Lair:2   | Reached skill level 5 in Evocations
  9483 | Lair:3   | Noticed an eight-headed hydra
  9638 | Lair:4   | Reached skill level 10 in Armour
  9980 | Lair:4   | You fall into a shaft and drop 1 floor!
  9980 | Lair:5   | Entered Level 5 of the Lair of Beasts
 10262 | Lair:4   | HP: 2/104 [poisoned by a cane toad]
 10263 | Lair:4   | Succumbed to a cane toad's poison

Illustrated notes

Levels and vault maps discovered:
D:1:      dpeg_arrival_simpleton_c, layout_basic, supply_closet_lemuel,
          dk_noncrumbling_2, st_stairs_8, minivault_25
D:2:      layout_basic
D:3:      layout_basic, chequers_ecumenical_altar_island
D:4:      layout_basic, nicolae_yredelemnul_corpse_copse, uniq_grinder,
          uniq_duvessa
D:5:      layout_cave_pools, mainiacjoe_overflow_concentric_impassable,
          temple_fountains, serial_shops, nicolae_shop_tiny_waterfront,
          uniq_edmund
D:6:      layout_basic, serial_aquarium, aquarium_bridge_square
          [aquarium_subvault_bridge, aquarium_subvault_bridge,
          aquarium_subvault_bridge, aquarium_subvault_bridge],
          aquarium_bridge_square [aquarium_subvault_bridge,
          aquarium_subvault_bridge, aquarium_subvault_balcony,
          aquarium_subvault_bridge], aquarium_window_corner,
          aquarium_window_corner, aquarium_window_fake, aquarium_view_2c,
          aquarium_balcony_3a, aquarium_pool_double, serial_shops, shop,
          uniq_eustachio, uniq_crazy_yiuf_cottage
D:7:      layout_loops_ring
D:8:      layout_loops_ring, cheibriados_altar_1,
          nicolae_overflow_macrodata_refinement, minmay_misc_feat_iff
D:9:      layout_roguey, general_overflow_altar,
          nicolae_gozag_cash_rules_everything_around_me, serial_shops,
          nicolae_stop_n_shop_1
D:10:     layout_stronghold, david_lair_generic, lightli_wizard_tower
Lair:1:   layout_layer_cave, gammafunk_ghost_arena, lemuel_old_faithful,
          lemuel_fruit_fields
Lair:2:   layout_concentric_octagons, spider_nest_entry_a,
          grunt_forest_stairs_basic, beast_lair_carwin_9
Lair:3:   layout_loops_ring, palyth_hydra_swamp_entry, uniq_urug
Lair:4:   regret_index_wax_grids, layout_misc_corridors,
          nicolae_slime_entry_field_trip, chequers_serial_rivers_room_b,
          chequers_serial_rivers_micro_b, lemuel_fruit_fields
Lair:5:   evil_forest, layout_regular_city, guppyfry_lair_drakes

Skill      XL: |  1  2  3  4  5  6  7  8  9 10 11 |
---------------+----------------------------------+-----
Fighting       | 4 5 6 7 8 9 11 12 | 12.0
Axes           | 3 4 5 6 8 9 11 12 | 12.0
Throwing       | 1 4 6 |  6.9
Dodging        | 4 6 |  6.2
Armour         | 6 10 | 10.7
Shields        | 6 |  6.0
Evocations     | 2 5 |  5.0

Action                     |  1- 3 |  4- 6 |  7- 9 | 10-12 || total
---------------------------+-------+-------+-------+-------++-------
  Melee: War axe           |    72 |    65 |       |       ||   137
         Headbutt          |    14 |    24 |    59 |   105 ||   202
         Hand axe          |       |    58 |   273 |   382 ||   713
  Throw: Dart              |       |     2 |     5 |    10 ||    17
         Throwing net      |       |       |     1 |       ||     1
 Invoke: Berserk           |       |       |     2 |     2 ||     4
         Trog's Hand       |       |       |       |     1 ||     1
  Evoke: Wand              |       |       |       |     7 ||     7
    Use: Scroll            |       |       |       |    14 ||    14
         Potion            |       |       |       |     4 ||     4
 Armour: Scale mail        |    37 |    54 |    50 |   290 ||   431
         Chain mail        |       |    14 |   107 |       ||   121
  Dodge: Dodged            |    39 |    66 |   109 |   202 ||   416
  Block: Buckler           |    13 |    24 |    53 |    88 ||   178
